 Dungeon Crawl Stone Soup version 0.25-a0-942-g87a53962fc (webtiles) character file.

Game seed: 2106466496102917081, levelgen mode: classic

11673 Amnesiac the Destroyer (level 11, -17/60 HPs)
             Began as a Deep Elf Wizard on May 7, 2020.
             Was a High Priest of Vehumet.
             Demolished by a death yak (26 damage)
             ... on level 10 of the Dungeon.
             The game lasted 00:38:33 (15507 turns).

Amnesiac the Destroyer (Deep Elf Wizard)           Turns: 15507, Time: 00:38:33

Health: -17/60     AC:  6    Str:  4    XL:     11   Next: 52%
Magic:  18/29      EV: 14    Int: 27    God:    Vehumet [*****.]
Gold:   545        SH:  6    Dex: 13    Spells: 18/35 levels left

rFire    . . .     SeeInvis +   a - +3 scimitar
rCold    . . .     Gourm    .   u - +1 buckler (curse)
rNeg     + . .     Faith    +   c - +1 robe {Archmagi}
rPois    .         Spirit   .   (no helmet)
rElec    .         Reflect  .   (no cloak)
rCorr    .         Harm     .   t - +0 pair of gloves
MR       +....                  j - -1 pair of boots (curse)
Stlth    ++........             F - amulet of faith
HPRegen  0.20/turn              w - ring of see invisible
MPRegen  0.21/turn              y - ring of positive energy

@: no status effects
A: claws 1, yellow scales 1, blurry vision 1, sense surroundings 1
a: Renounce Religion


You were on level 10 of the Dungeon.
You worshipped Vehumet.
Vehumet was extremely pleased with you.
You were hungry.

You visited 2 branches of the dungeon, and saw 11 of its levels.

You collected 545 gold pieces.

Inventory:

Hand Weapons
 a - a +3 scimitar (weapon)
Missiles
 i - 12 poisoned darts (quivered)
Armour
 c - a +1 robe of the Archmagi (worn)
 j - a cursed -1 pair of boots (worn)
 t - a +0 pair of gloves (worn)
 u - a cursed +1 buckler (worn)
Magical Staves
 b - an uncursed staff of poison {unknown}
Jewellery
 p - an uncursed amulet of regeneration
 w - a ring of see invisible (left hand)
 y - a ring of positive energy (right hand)
 F - an amulet of faith (around neck)
 I - an uncursed ring of teleportation
Wands
 f - a wand of polymorph (5)
Scrolls
 m - 7 scrolls of teleportation {!r}
 z - a scroll of enchant weapon {!r}
 A - 2 scrolls of fear {!r}
 C - 3 scrolls of magic mapping {!r}
 D - a scroll of vulnerability {!r}
Potions
 e - a potion of mutation {!q}
 g - 2 potions of curing {!q}
 h - a potion of flight {!q}
 k - a potion of stabbing {!q}
 o - a potion of haste {!q, unknown}
 q - a potion of brilliance {!q, unknown}
 H - 2 potions of resistance {!q}
 J - 3 potions of ambrosia {!q, unknown}
Comestibles
 d - 19 rations
 l - 3 chunks of flesh


   Skills:
 - Level 3.0 Fighting
 - Level 5.0 Dodging
 - Level 3.0 Stealth
 - Level 4.0 Shields
 + Level 12.5 Spellcasting
 * Level 14.4 Conjurations
 - Level 1.1 Summonings
 - Level 1.1 Translocations
 - Level 3.0 Evocations


You had 18 spell levels left.
You knew the following spells:

 Your Spells              Type           Power        Failure   Level  Hunger
a - Magic Dart            Conj           ####         0%          1    None
b - Call Imp              Summ           ####....     3%          2    None
c - Sticks to Snakes      Tmut           ####....     4%          2    None
d - Fulminant Prism       Conj/Hex       ######....   1%          4    None
e - Mephitic Cloud        Conj/Pois/Air  ######..     1%          3    None
s - Conjure Flame         Conj/Fire      ######..     1%          3    None
v - Blink                 Tloc           N/A          3%          2    None

Your spell library contained the following spells:

 Spells                   Type           Power        Failure   Level  Hunger
 Iskenderun's Battlesphe  Conj/Chrm      ######..     1%          5    ###....
 Beastly Appendage        Tmut           ####..       3%          1    None
 Slow                     Hex            ####....     4%          2    None
 Spider Form              Tmut/Pois      ####......   10%         3    None
 Ice Form                 Ice/Tmut       ####....     32%         4    None
 Blade Hands              Tmut           ####......   67%         5    ###....


Dungeon Overview and Level Annotations

Branches:
Dungeon (10/15)            Temple (1/1) D:4
   Lair: D:8-11         Orc: D:9-12

Altars:
Ashenzari
Cheibriados
Dithmenos
Elyvilon
Fedhas
Gozag
Hepliaklqana
Kikubaaqudgha
Makhleb
Nemelex Xobeh
Okawaru
Qazlal
Ru
Sif Muna
Trog
Uskayaw
Vehumet
Wu Jian
Xom
Yredelemnul
Zin
The Shining One

Shops:
D:4 !   D:6 :   D:8 ?   D:10 ((*!


Innate Abilities, Weirdness & Mutations

You have sharp fingernails.
You are partially covered in yellow scales. (AC +2)
Scrolls take you a little longer to read.
You passively map a small area around you.


Message History

Casting: Fulminant Prism (dangerous; 1% risk of failure)
Confirm with . or Enter, or press ? or * to list all spells.
Aiming: Fulminant Prism (dangerous; 1% risk of failure)
Press: ? - help, Dir - move target cursor You feel a surge of power!
You conjure a prism of explosive energy!
A fulminant prism comes into view.
You block the death yak's attack.
The death yak gores your fulminant prism!!
Your fulminant prism detonates feebly.
Casting: Fulminant Prism (dangerous; 1% risk of failure)
Confirm with . or Enter, or press ? or * to list all spells.
Aiming: Fulminant Prism (dangerous; 1% risk of failure)
Press: ? - help, Dir - move target cursor You feel a surge of power!
You conjure a prism of explosive energy!
A fulminant prism comes into view.
Your fulminant prism crackles loudly.
The death yak barely misses you. The troll bites your fulminant prism.
The troll claws your fulminant prism! x2
Your fulminant prism explodes!
The blast of energy engulfs the death yak!
The death yak is heavily wounded.
The blast of energy engulfs the troll!!
You kill the troll!
Vehumet accepts your kill.
You feel your power returning.
The blast of energy engulfs the death yak!
The death yak is heavily wounded.
The death yak gores you!!
You see here a +1 dagger of venom.
Casting: Fulminant Prism (safe; 1% risk of failure)
Confirm with . or Enter, or press ? or * to list all spells.
Aiming: Fulminant Prism (safe; 1% risk of failure)
Press: ? - help, Dir - move target cursor
Okay, then.
Casting: Fulminant Prism (safe; 1% risk of failure)
Confirm with . or Enter, or press ? or * to list all spells.
Aiming: Fulminant Prism (safe; 1% risk of failure)
Press: ? - help, Dir - move target cursor You feel a surge of power!
You conjure a prism of explosive energy!
A fulminant prism comes into view.
The death yak gores you!!
* * * LOW HITPOINT WARNING * * *
Your fulminant prism crackles loudly.
Your fulminant prism explodes!
The blast of energy engulfs the death yak!!
The death yak is severely wounded.
The blast of energy engulfs the death yak!!
The death yak is almost dead.
The death yak snorts and paws the ground.
Casting: Fulminant Prism (safe; 1% risk of failure)
Confirm with . or Enter, or press ? or * to list all spells.
You feel a surge of power!
You blink.
The death yak gores you!
* * * LOW HITPOINT WARNING * * *
Casting: Blink (safe; 3% risk of failure)
Confirm with . or Enter, or press ? or * to list all spells.
You feel a surge of power!
You blink.
Casting: Blink (safe; 3% risk of failure)
Confirm with . or Enter, or press ? or * to list all spells.
You feel a surge of power!
You blink.
The death yak gores you!!
You die...

#.#####.##.######..##..##..#.##.#
.....##.##.# #..##..##...Y....
..##.##.#..# #..##..##.....##.
).##.##.#..# #..##........ .
..##.##)#..######..##.###.#.. ,
....)...#..........##.###.#,
..##.##..)................#
).)<.##.......#.............. ,
.##.###.)#...###@..##.#####..
###.###..##.###.YY###.# *
.........#####....# #.# * , ,
###......# #.....# #§# *
.........# ##....# #§#
(........######...# #≈# *
..#...............# #.#
..#........##...#.###.# >.
..#........##...#.....# ##


You could see 2 death yaks.

Vanquished Creatures
  Josephine (D:9)
  A death yak (D:9)
  A skeletal warrior (D:9)
  Joseph (D:7)
  2 trolls
  Prince Ribbit (D:6)
  4 flying skulls (D:9)
  A shadow (D:9)
  Sigmund (D:2)
  7 wraiths
  13 yaks
  Eustachio (D:5)
  A porcupine (D:10)
  A swamp drake (D:8)
  3 sky beasts
  2 ice beasts
  A phantom (D:10)
  An eye of draining (D:8)
  5 ogres
  A centaur (D:9)
  2 wolves (D:8)
  A crocodile (D:8)
  2 big kobolds
  7 bullfrogs
  A wyvern zombie (D:9)
  A water moccasin skeleton (D:9)
  A wyvern skeleton (D:10)
  3 scorpions
  3 killer bees (D:9)
  8 howler monkeys
  3 wights (D:9)
  2 crimson imps
  5 jellies
  A quasit (D:7)
  5 bullfrog zombies
  4 orc priests
  5 bullfrog skeletons
  4 centaur skeletons
  5 hounds
  6 orc wizards
  2 iguanas
  5 worker ants
  A killer bee zombie (D:10)
  5 hound zombies
  2 worker ant zombies
  3 gnolls (D:5)
  2 howler monkey skeletons
  10 adders
  A river rat (D:10)
  2 shadow imps
  An ooze (D:2)
  4 adder skeletons
  3 worms
  8 dart slugs
  21 orcs
  5 giant cockroaches
  11 hobgoblins
  5 jackals
  4 quokkas
  A ball python (D:6)
  8 bats
  6 frilled lizards
  A giant cockroach zombie (D:5)
  11 goblins
  2 jackal skeletons
  A jackal zombie (D:5)
  19 kobolds
  A quokka zombie (D:5)
  9 rats
272 creatures vanquished.

Vanquished Creatures (collateral kills)
  Grinder (D:3)
  3 killer bees (D:9)
  Terence (D:2)
  A worker ant (D:8)
  An adder zombie (D:9)
7 creatures vanquished.

Vanquished Creatures (others)
  A quokka zombie (D:9)
  54 fulminant prisms
55 creatures vanquished.

Grand Total: 334 creatures vanquished

Notes
Turn   | Place    | Note
-------+----------+-------------------------------------------
     0 | D:1      | Amnesiac the Deep Elf Wizard began the quest for the Orb.
     0 | D:1      | Reached XP level 1. HP: 10/10 MP: 7/7
   168 | D:2      | Reached skill level 2 in Conjurations
   168 | D:2      | Reached XP level 2. HP: 15/15 MP: 1/9
   172 | D:2      | Learned a level 2 spell: Blink
   175 | D:2      | Learned a level 2 spell: Call Imp
   402 | D:2      | Noticed Terence
   432 | D:2      | Killed Terence
   432 | D:2      | Reached skill level 5 in Spellcasting
   432 | D:2      | Reached skill level 3 in Conjurations
   432 | D:2      | Reached XP level 3. HP: 6/19 MP: 6/11
   440 | D:2      | Learned a level 3 spell: Conjure Flame
   444 | D:2      | Learned a level 3 spell: Mephitic Cloud
   714 | D:2      | Found a shadowy altar of Dithmenos.
   747 | D:2      | Noticed Sigmund
   785 | D:2      | Killed Sigmund
   785 | D:2      | Reached skill level 5 in Conjurations
   785 | D:2      | Reached XP level 4. HP: 16/24 MP: 9/13
   785 | D:2      | Reached XP level 5. HP: 18/28 MP: 9/14
   843 | D:3      | Noticed Grinder
   864 | D:3      | Killed Grinder
   864 | D:3      | Reached skill level 1 in Fighting
   864 | D:3      | Reached XP level 6. HP: 11/34 MP: 1/16
  1080 | D:3      | Reached skill level 6 in Conjurations
  1282 | D:4      | Found Uprinn's Distillery.
  1972 | D:4      | Reached XP level 7. HP: 39/39 MP: 13/17
  2117 | D:4      | Found a staircase to the Ecumenical Temple.
  2437 | Temple   | Entered the Ecumenical Temple
  2467 | Temple   | Became a worshipper of Vehumet
  3192 | D:2      | Found an iron altar of Okawaru.
  3245 | D:2      | Reached * piety under Vehumet
  3245 | D:2      | Offered knowledge of Sandblast by Vehumet.
  3493 | D:2      | Found a faded altar of an unknown god.
  4256 | D:5      | Entered Level 5 of the Dungeon
  4275 | D:5      | Found a snail-covered altar of Cheibriados.
  4285 | D:5      | Noticed Eustachio
  4310 | D:5      | Killed Eustachio
  4739 | D:5      | Reached skill level 7 in Conjurations
  5430 | D:6      | Found Beugur's Book Boutique.
  5442 | D:6      | Reached ** piety under Vehumet
  5442 | D:6      | Offered knowledge of Freeze by Vehumet.
  5545 | D:6      | Reached XP level 8. HP: 45/45 MP: 15/20
  5730 | D:6      | Reached skill level 5 in Dodging
  5739 | D:6      | Noticed Prince Ribbit
  5749 | D:6      | Killed Prince Ribbit
  5749 | D:6      | Reached skill level 8 in Conjurations
  6410 | D:6      | Got a slimy robe
  6765 | D:5      | Found a basalt altar of Yredelemnul.
  6975 | D:5      | Reached skill level 9 in Conjurations
  7229 | D:5      | Learned a level 2 spell: Sticks to Snakes
  7402 | D:7      | Offered knowledge of Stone Arrow by Vehumet.
  7616 | D:7      | Reached XP level 9. HP: 50/50 MP: 18/23
  7748 | D:7      | Found a hide-covered altar of Uskayaw.
  8143 | D:7      | Found a hazy altar of Hepliaklqana.
  8269 | D:7      | Reached *** piety under Vehumet
  8269 | D:7      | Reached skill level 1 in Shields
  8390 | D:7      | Noticed Joseph
  8419 | D:7      | HP: 2/50 [Joseph/+0 quarterstaff (16)]
  9097 | D:7      | Reached skill level 10 in Conjurations
  9279 | D:7      | Identified the +2 robe "Setaygi" {rPois rC+ Dex+8} (You
                  | found it on level 6 of the Dungeon)
  9403 | D:7      | Killed Joseph
  9825 | D:8      | Found a shimmering altar of Xom.
  9915 | D:8      | Offered knowledge of Fulminant Prism by Vehumet.
 10248 | D:8      | Noticed Grum
 10268 | D:8      | HP: 2/50 [wolf[Grum] (8)]
 10575 | D:8      | Found Qacrof's Magic Scroll Shoppe.
 10596 | D:8      | Identified the +11 hand axe of Ashenzari {vorpal, rPois MR-
                  | Dex+3 Stlth+}
 10614 | D:8      | Noticed Grum
 10614 | D:8      | Grum changed into Grum the swamp drake
 10618 | D:8      | Killed Grum the swamp drake
 10618 | D:8      | Reached skill level 11 in Conjurations
 10910 | D:8      | Reached **** piety under Vehumet
 10994 | D:8      | Found a shimmering blue altar of Sif Muna.
 11359 | D:8      | Learned a level 4 spell: Fulminant Prism
 11403 | D:8      | Found an opulent altar of Gozag.
 11403 | D:8      | Found a sparkling altar of Nemelex Xobeh.
 11503 | D:9      | Offered knowledge of Airstrike by Vehumet.
 11503 | D:9      | Reached skill level 10 in Spellcasting
 11505 | D:9      | Reached XP level 10. HP: 48/56 MP: 14/26
 12048 | D:8      | Gained mutation: You passively map a small area around you.
                  | [potion of mutation]
 12048 | D:8      | Gained mutation: You are partially covered in yellow
                  | scales. (AC +2) [potion of mutation]
 12048 | D:8      | Gained mutation: Scrolls take you a little longer to read.
                  | [potion of mutation]
 12048 | D:8      | Gained mutation: You have sharp fingernails. [potion of
                  | mutation]
 12084 | D:8      | HP: 2/56 [wraith (14)]
 12476 | D:9      | Found a shattered altar of Ashenzari.
 12837 | D:9      | Noticed Josephine
 12856 | D:9      | Killed Josephine
 12856 | D:9      | Reached skill level 12 in Conjurations
 12856 | D:9      | Reached skill level 1 in Evocations
 13132 | D:9      | Reached ***** piety under Vehumet
 13279 | D:9      | Offered knowledge of Iskenderun's Battlesphere by Vehumet.
 13287 | D:9      | Noticed a skeletal warrior
 14061 | D:9      | Killed a skeletal warrior
 14061 | D:9      | Reached skill level 13 in Conjurations
 14249 | D:9      | Reached XP level 11. HP: 60/60 MP: 22/28
 14682 | D:10     | Entered Level 10 of the Dungeon
 14682 | D:10     | Noticed a death yak
 14686 | D:10     | Noticed a death yak
 14688 | D:10     | Noticed a death yak
 14733 | D:9      | Killed a death yak
 14775 | D:10     | Found Meqoo's Antique Weapon Shop.
 14849 | D:10     | Found Deulelekh's Antique Weapon Shop.
 15033 | D:10     | Reached skill level 14 in Conjurations
 15371 | D:10     | Found Yceoly's Distillery.
 15378 | D:10     | Found Tiggul's General Store.
 15507 | D:10     | Demolished by a death yak

Levels and vault maps discovered:
D:1:      minmay_arrival_four_loops, layout_basic, kennysheep_decorative_pillar
D:2:      layout_rooms, lemuel_crystal_altar, old_standard_altar,
          chequers_ecumenical_altar_grove, minmay_tromino_mix6, uniq_sigmund,
          uniq_terence
D:3:      layout_basic, uniq_grinder
D:4:      layout_basic, minmay_temple_entry_stoned_glass, serial_bayou,
          serial_bayou_lake_a, serial_bayou_pond_b, serial_bayou_pond_b,
          serial_bayou_ford_a, serial_bayou_lagoon_a, serial_shops,
          nicolae_shop_stone
D:5:      layout_basic, kennysheep_slug_shrine, first_ration, serial_undead,
          serial_undead_d, serial_undead_f, serial_undead_e, serial_undead_e,
          chequers_serial_rivers_marsh, nrook_uturn, yredelemnul_altar_generic,
          uniq_eustachio
D:6:      layout_basic, serial_shops, nicolae_shop_trees, serial_bayou_crossing,
          uniq_prince_ribbit1
D:7:      layout_layer_cave, nicolae_overflow_hidden_temple, old_standard_altar,
          uniq_joseph
D:8:      layout_loops_ring, grunt_temple_overflow_opulence,
          nicolae_overflow_crystal_walls, old_standard_altar, serial_shops,
          nicolae_shop_stone, uniq_grum
D:9:      hangedman_screamer, layout_basic, cheibrodos_ashenzari_chains,
          grunt_ogre_cave, dk_noncrumbling_2
D:10:     layout_basic, dpeg_lair_monsters, serial_shops, shop, shop,
          nicolae_shop_stone, kennysheep_little_box, nicolae_shop_crystal,
          corexii_corridor_pit, nicolae_straight_to_the_point
Temple:   nicolae_temple_hex_pool

Skill      XL: |  1  2  3  4  5  6  7  8  9 10 11 |
---------------+----------------------------------+-----
Conjurations   | 2 3 5 6 7 9 11 13 14 | 14.4
Spellcasting   | 5 6 8 10 11 12 | 12.5
Fighting       | 1 2 3 |  3.0
Dodging        | 3 4 5 |  5.0
Stealth        | 3 |  3.0
Shields        | 3 4 |  4.0
Evocations     | 3 |  3.0
Summonings     | |  1.1
Translocations | |  1.1

Action                   |  1- 3 |  4- 6 |  7- 9 | 10-12 || total
-------------------------+-------+-------+-------+-------++-------
Melee: Dagger            |    16 |    19 |       |       ||    35
       Unarmed           |     4 |       |       |       ||     4
       Falchion          |       |       |    55 |    35 ||    90
       Long sword        |       |       |     6 |       ||     6
       Scimitar          |       |       |       |    15 ||    15
Throw: Dart              |       |       |     3 |       ||     3
 Cast: Magic Dart        |    36 |    58 |   520 |   325 ||   939
       Call Imp          |     2 |     3 |       |     6 ||    11
       Mephitic Cloud    |     1 |       |    30 |     8 ||    39
       Blink             |       |       |     1 |     5 ||     6
       Conjure Flame     |       |       |     3 |    26 ||    29
       Fulminant Prism   |       |       |       |    54 ||    54
Evoke: Wand              |       |       |     1 |       ||     1
  Use: Scroll            |       |       |    13 |     3 ||    16
       Potion            |       |       |     5 |     8 ||    13
 Stab: Confused          |     1 |       |     6 |       ||     7
       Sleeping          |       |       |     5 |       ||     5
       Distracted        |       |       |       |     1 ||     1
  Eat: Chunk             |       |     3 |    26 |     5 ||    34
       Ration            |       |       |     1 |     2 ||     3
Armor: Robe              |     6 |     6 |    25 |    26 ||    63
       Skin              |       |       |       |    32 ||    32
Dodge: Dodged            |    13 |    22 |   173 |   110 ||   318
Block: Buckler           |       |       |     2 |    43 ||    45
       Rpst.: Long sword |       |       |     8 |       ||     8
       Falchion          |       |       |    33 |    24 ||    57
       Scimitar          |       |       |       |     9 ||     9

Table legend:
 A = Non-vault XP
 B = Vault XP
 C = Vault XP percentage of total XP
 D = Non-vault monster count
 E = Vault monster count
 F = Vault count percentage of total count
                 A         B        C        D         E       F
            +---------+---------+-------+---------+---------+-------
      Total |    8875 |    7802 |  46.8 |     216 |      63 |  22.6
            +---------+---------+-------+---------+---------+-------
        D:1 |      36 |       0 |   0.0 |      19 |       0 |   0.0
        D:2 |      76 |     241 |  76.0 |      27 |       5 |  15.6
        D:3 |      63 |     266 |  80.9 |      19 |       1 |   5.0
        D:4 |     155 |       4 |   2.5 |       9 |       3 |  25.0
        D:5 |     522 |     330 |  38.7 |      14 |      10 |  41.7
        D:6 |     531 |     201 |  27.5 |      21 |       1 |   4.5
        D:7 |     923 |     451 |  32.8 |      21 |       1 |   4.5
        D:8 |    1260 |     571 |  31.2 |      29 |       4 |  12.1
        D:9 |    1836 |    5577 |  75.2 |      26 |      31 |  54.4
       D:10 |    3473 |     161 |   4.4 |      31 |       7 |  18.4
            +---------+---------+-------+---------+---------+-------
